 Dungeon Crawl Stone Soup version 0.30-b1-2-g02819fbbbe (webtiles) character file.

Game seed: 12356909809611774162

195 Toptomzie the Firebug (level 5, -14/60 HPs)
             Began as a Draconian Fire Elementalist on Nov 10, 2023.
             Demolished by Duvessa
             ... wielding a +0 short sword
              (15 damage)
             ... on level 4 of the Dungeon.
             The game lasted 00:20:39 (2804 turns).

Toptomzie the Firebug (Draconian Fire Elementalist) Turns: 2804, Time: 00:20:39

Health: -14/60     AC:  6    Str:  9    XL:     5   Next: 45%
Magic:  8/8        EV: 13    Int: 16    God:
Gold:   96         SH:  0    Dex: 16    Spells: 7/8 levels left

rFire   . . .        d - +1 spear
rCold   + . .        (no shield)
rNeg    . . .        (body armour unavailable)
rPois   .            (helmet restricted)
rElec   .            (no cloak)
rCorr   .            (no gloves)
SInv    +            e - +0 pair of boots
Will    .....        (no amulet) Stlth
                     f - ring of see invisible
HPRegen 0.30/turn    i - ring of protection from cold
MPRegen 0.11/turn

%: no passive effects
@: berserking (expiring), lit by a corona, glowing, very quick
A: AC +5, unfitting armour, cold-blooded, claws 1, agile 1
a: no special abilities


You were on level 4 of the Dungeon.
You visited 1 branch of the dungeon, and saw 4 of its levels.

You collected 96 gold pieces.

Inventory:

Hand Weapons
 d - a +1 spear (weapon)
Armour
 e - a +0 pair of boots (worn)
Jewellery
 f - a ring of see invisible (left claw)
 i - a ring of protection from cold (right claw)
Wands
 k - a wand of flame (22)
 n - a wand of paralysis (4)
Scrolls
 c - a scroll of silence
 h - 2 scrolls of fog
 l - a scroll of immolation {unknown}
 m - a scroll of identify
Potions
 a - a potion of magic
 b - 2 potions of lignification
 o - a potion of curing


   Skills:
 + Level 1.0 Fighting
 + Level 3.2 Polearms
 + Level 2.6 Dodging
 + Level 2.5 Stealth
 + Level 0.9 Unarmed Combat
 + Level 2.3 Spellcasting
 + Level 1.1 Conjurations
 + Level 3.4 Fire Magic
 + Level 0.1 Evocations


You had 7 spell levels left.
You knew the following spells:

 Your Spells              Type           Power      Damage    Failure   Level
a - Foxfire               Conj/Fire      36%        2x1d5     8%          1

Your spell library contained the following spells:

 Spells                   Type           Power      Damage    Failure   Level
 Scorch                   Fire           24%        2d6       8%          2
 Inner Flame              Hex/Fire       7%         N/A       30%         3
 Volatile Blastmotes      Fire/Tloc      14%        2d11      30%         3
 Flame Wave               Conj/Fire      9%         2d6       61%         4


Dungeon Overview and Level Annotations

Branches:
Dungeon (4/15)
 Temple: D:4-7

Altars:
Fedhas
Nemelex Xobeh

Annotations:
D:4 Duvessa


Innate Abilities, Weirdness & Mutations

Your plain brown scales are hard. (AC +5)
You cannot fit into any form of body armour.
You are cold-blooded and may be slowed by cold attacks.
You have sharp fingernails.
You are agile. (Dex +4, Str/Int -1)


Message History

You puncture Duvessa!
Duvessa is moderately wounded.
Duvessa misses you.
You hit Duvessa but do no damage.
Duvessa is moderately wounded.
Dowan closely misses you.
You hit Duvessa.
Duvessa is moderately wounded.
Duvessa misses you.
You completely miss Duvessa.
Duvessa is moderately wounded.
Duvessa closely misses you. Dowan hits you with a +0 dagger.
You barely miss Duvessa.
Duvessa is moderately wounded.
Duvessa hits you with a +0 short sword.
* * * LOW HITPOINT WARNING * * *
You hit Dowan.
Dowan is severely wounded.
Duvessa hits you with a +0 short sword.
* * * LOW HITPOINT WARNING * * *
Dowan hits you with a +0 dagger.
* * * LOW HITPOINT WARNING * * *
You barely miss Dowan. You tail-slap Dowan!
You kill Dowan!
Duvessa screams, "No!
How DARE you!"
Duvessa goes berserk!
Duvessa hits you with a +0 short sword.
* * * LOW HITPOINT WARNING * * *
Your Fighting skill increases to level 1!
Your Polearms skill increases to level 3!
You hit Duvessa.
Your tail-slap misses Duvessa.
Duvessa is moderately wounded.
Duvessa barely misses you.
You hit Duvessa but do no damage.
Duvessa is moderately wounded.
Duvessa is no longer moving quickly.
Duvessa hits you with a +0 short sword.
* * * LOW HITPOINT WARNING * * *
You closely miss Duvessa.
Duvessa is moderately wounded.
Duvessa hits you with a +0 short sword!
You die...

##.##.##.##..............#
###.#.###..............#
...#.....###..........
##.###e.### ##........
#......### ##.....
##.......## ##
#######..#### #)....###
##@e.....### #..........#
#...........#
#............
#........$...
..............
..#............
####...........
####........


You could see Duvessa (berserk).

Vanquished Creatures
  Dowan (D:4)
  An iguana (D:4)
  5 adders
  A worm (D:2)
  A dart slug (D:1)
  8 orcs
  5 ball pythons
  9 bats
  4 endoplasms
  2 giant cockroaches
  4 hobgoblins
  5 frilled lizards
  7 goblins
  5 kobolds
  5 rats
63 creatures vanquished.

Vanquished Creatures (others)
  4 foxfires
4 creatures vanquished.

Grand Total: 67 creatures vanquished

Notes
Turn   | Place    | Note
-------+----------+-------------------------------------------
     0 | D:1      | Toptomzie the Draconian Fire Elementalist began the quest
                  | for the Orb.
     0 | D:1      | Reached XP level 1. HP: 14/14 MP: 3/3
   122 | D:1      | Reached XP level 2. HP: 8/20 MP: 5/5
   838 | D:2      | Gained mutation: You have sharp fingernails. [potion of
                  | mutation]
   838 | D:2      | Gained mutation: You are agile. (Dex +4, Str/Int -1)
                  | [potion of mutation]
   858 | D:2      | Found a blossoming altar of Fedhas.
   909 | D:2      | Reached XP level 3. HP: 26/26 MP: 6/6
  1340 | D:2      | Reached skill level 1 in Polearms
  1965 | D:3      | Reached XP level 4. HP: 23/34 MP: 7/7
  2746 | D:4      | Reached XP level 5. HP: 39/39 MP: 8/8
  2746 | D:4      | Found a sparkling altar of Nemelex Xobeh.
  2764 | D:4      | Noticed Dowan
  2770 | D:4      | Noticed Duvessa
  2801 | D:4      | Killed Dowan
  2802 | D:4      | Reached skill level 1 in Fighting
  2803 | D:4      | HP: 1/60 [Duvessa/+0 short sword (4)]
  2804 | D:4      | Demolished by Duvessa

Illustrated notes

Levels and vault maps discovered:
D:1:      roderic_crossed_star, layout_basic
D:2:      layout_loops_ring, basic_altar, nrook_uturn
D:3:      layout_loops_corners
D:4:      layout_cave_pods, mainiacjoe_overflow_24_doors,
          nemelex_dance_club_becter, led_sif_pool,
          minmay_temple_entry_offerings, hangedman_decor_peaks_small,
          moated_statue, uniq_duvessa

Skill      XL: |  1  2  3  4  5 |
---------------+----------------+-----
Dodging        | 2 |  2.6
Polearms       | 1 2 3 |  3.2
Stealth        | 2 |  2.5
Fighting       | 1 |  1.0
Unarmed Combat | |  0.9
Spellcasting   | |  2.3
Conjurations   | |  1.1
Fire Magic     | |  3.4
Evocations     | |  0.1

Action                     |  1- 3 |  4- 6 || total
---------------------------+-------+-------++-------
  Melee: Unarmed           |    60 |       ||    60
         Tailslap          |    37 |    10 ||    47
         Punch             |     2 |       ||     2
         Spear             |   203 |   105 ||   308
   Cast: Foxfire           |     6 |       ||     6
  Evoke: Wand              |       |     4 ||     4
    Use: Scroll            |     6 |     3 ||     9
         Potion            |     4 |     3 ||     7
   Stab: Sleeping          |     4 |     3 ||     7
 Armour: Skin              |   103 |    30 ||   133
  Dodge: Dodged            |   179 |    55 ||   234
